Cogmind - Beta 14 @@@ ROGUE MODE // 2024.08.13 @ 21:25:47 Player: Bert Result: Destroyed by D-53 Grenadier with Mini Grenade Launcher Performance ------------- Evolutions (0) 0 Regions Visited (2) 400 Robots Destroyed (10) 50 Value Destroyed (98) 98 Prototype IDs (0) 0 Alien Tech Used (0) 0 Bonus (0) 0 TOTAL SCORE: 548 Bonus ------- None Cogmind --------- Core Integrity 0/250 Matter 300/300 Energy 143/250 System Corruption 0% Temperature Cool (0) Movement Rolling (90) Location -10/Mines Parts ------- > --- POWER (1) -------- Ion Engine > --- PROPULSION (2) --- Wheel Compact Wheel > --- UTILITY (2) ------ Large Storage Unit Weight Redist. System > --- WEAPON (2) ------- Makeshift Spear > --- INVENTORY (15) --- EM Pulse Gun Peak State ------------ > --- POWER ------------ Light Ion Engine > --- PROPULSION ------- Compact Wheel Compact Wheel > --- UTILITY ---------- Large Storage Unit Weight Redist. System > --- WEAPON ----------- EM Pulse Gun Makeshift Spear > --- INVENTORY -------- Ion Engine Light Ion Engine Wheel EM Pulse Gun Medium Laser [Rating: 11] Favorites ----------- Power Light Ion Engine Engine Light Ion Engine Propulsion Compact Wheel Wheel Compact Wheel Utility Weight Redist. System Device Weight Redist. System Storage Large Storage Unit Weapon EM Pulse Gun Energy Gun EM Pulse Gun Piercing Weapon Makeshift Spear Build | -11 -10 -10 ------- Run | Yrd Mat Min Slots Evolved . | . . . Power . | . . . Propulsion . | . . . Utility . | . . . Weapon . | . . . Parts Attached 17 | 6 4 7 Power 4 | 1 1 2 Engine 4 | 1 1 2 Core . | . . . Reactor . | . . . Propulsion 3 | 2 . 1 Treads . | . . . Leg . | . . . Wheel 3 | 2 . 1 Hover . | . . . Flight . | . . . Utility 3 | 1 2 . Device 1 | . 1 . Storage 2 | 1 1 . Processor . | . . . Hackware . | . . . Protection . | . . . Artifact . | . . . Weapon 7 | 2 1 4 Energy Gun 5 | 2 1 2 Energy Cannon . | . . . Ballistic Gun . | . . . Ballistic Cannon . | . . . Launcher . | . . . Special Weapon . | . . . Impact Weapon . | . . . Slashing Weapon . | . . . Piercing Weapon 2 | . . 2 Special Melee Weapon . | . . . Unidentified Prototypes . | . . . Parts Lost 5 | . . 5 Power 2 | . . 2 Propulsion 1 | . . 1 Utility . | . . . Weapon 2 | . . 2 Highest Loss Streak 3 | . . 3 To Critical Strikes . | . . . Average Slot Usage (%) 92 | . 91 93 Engine 13 | . 14 12 Wheel 27 | . 28 26 Device 10 | . 5 14 Storage 14 | . 14 14 Energy Gun 20 | . 28 14 Piercing Weapon 6 | . . 10 Peak Build Rating 11 | 6 8 11 Average Rating 8 | 4 6 9 On Entrance 4 | . 6 8 Naked Turns . | . . . Heaviest Build 29 | 14 27 29 Greatest Support 38 | 32 38 38 Greatest Overweight (x) . | . . . Average Overweight (x) . | . . . Largest Inventory Capacity 15 | 8 15 15 Average Capacity 12 | 5 9 15 Most Carried 5 | 3 5 5 Average Carried 3 | 1 3 3 Final Capacity 15 | 8 15 15 Final Carried 4 | 2 4 1 Class Distribution -------------------- 100% | Mutant Dominant Class ---------------- Mutant | -10/Materials Mutant | -10/Mines Resources | -11 -10 -10 ----------- Run | Yrd Mat Min Matter Collected 365 | 233 40 92 Remotely . | . . . Salvage Created 279 | . 119 160 Parts 19 | . 11 8 Haulers Intercepted 1 | . 1 . Recyclers Shooed . | . . . Parts Field Recycled . | . . . Retrieved Matter . | . . . Parts Self-Destructed . | . . . Prevented . | . . . Kills | -11 -10 -10 ------- Run | Yrd Mat Min Combat Hostiles Destroyed 6 | . 1 5 Melee 3 | . . 3 Guns 3 | . 1 2 Classes Destroyed 6 | . 3 3 Worker 1 | . . 1 Builder 1 | . 1 . Hauler 1 | . 1 . Recycler 1 | . . 1 Swarmer 5 | . . 5 Grunt 1 | . 1 . Best Kill Streak 4 | . 3 4 Combat Bots Only 3 | . 1 3 Max Kills in Single Turn 1 | . 1 1 Gunslinging . | . . . Exploded . | . . . Melee 1 | . . 1 Uniques/NPCs Destroyed . | . . . Combat | -11 -10 -10 -------- Run | Yrd Mat Min Hostile Shots Fired 84 | . 3 81 Missed 24 | . 2 22 Damage Taken 712 | . 26 686 Core 286 | . 14 272 Absorbed by Shields . | . . . Core Remaining (%) 100 | 100 . . Volleys Fired 16 | . 7 9 Largest 2 | . 2 2 Hottest 90 | . 90 90 Shots Fired 31 | . 14 17 Gun 31 | . 14 17 Cannon . | . . . Launcher . | . . . Special . | . . . Kinetic . | . . . Thermal 11 | . 2 9 Explosive . | . . . Electromagnetic 20 | . 12 8 Robot Hit Streak 4 | . 2 4 Robot Miss Streak 4 | . 4 4 Penetration Max . | . . . Secondary Targets . | . . . Shots Hit Robots 22 | . 6 16 Core Hits 13 | . 5 8 Critical Kills . | . . . Critical Parts Destroyed . | . . . Critical Strikes 1 | . . 1 Burn 1 | . . 1 Melee Attacks 19 | . . 19 Impact . | . . . Slashing . | . . . Piercing 19 | . . 19 Sneak Attacks 1 | . . 1 Combat Hostiles . | . . . Follow-up Attacks . | . . . Damage Inflicted 571 | . 104 467 Guns 203 | . 104 99 Cannons . | . . . Explosions 87 | . . 87 Melee 281 | . . 281 Ramming . | . . . Kinetic . | . . . Thermal 151 | . . 151 Explosive . | . . . Electromagnetic 139 | . 104 35 Impact . | . . . Slashing . | . . . Piercing 281 | . . 281 Highest Corruption . | . . . Average Corruption . | . . . Corruption Purged . | . . . Corruption Blocked . | . . . Overload Shots . | . . . Overflow Damage 5 | . . 5 Projectiles . | . . . Explosions . | . . . Melee 5 | . . 5 Knockbacks . | . . . Impact . | . . . Kinetic . | . . . Secondary . | . . . Self-Inflicted Damage 16 | . . 16 Shots 1 | . . 1 Rammed . | . . . Targets Rammed . | . . . Kicked . | . . . Crushed . | . . . Highest Temperature 217 | . 60 217 Average Temperature 78 | . 23 115 Received Heat Transfer 6 | . 6 . Siege Activations . | . . . Robots Corrupted . | . . . Combat Hostiles . | . . . Parts Fried . | . . . Impact Corruptions . | . . . Robots Melted . | . . . Combat Hostiles . | . . . Parts Melted . | . . . Heat Transferred 409 | . . 409 Parts Sabotaged . | . . . Parts Stolen . | . . . Parts Stripped . | . . . Power Chain Reactions 1 | . . 1 Alert | -11 -10 -10 ------- Run | Yrd Mat Min Peak Influence 153 | . 102 153 Initial 39 | . . 39 Average 68 | . 41 94 Maximum Alert Level . | . . . Low Security (%) 100 | 100 100 100 Level 1 . | . . . Level 2 . | . . . Level 3 . | . . . Level 4 . | . . . Level 5 . | . . . High Security . | . . . Max Security . | . . . Squads Dispatched 2 | . 2 . Investigation . | . . . Extermination . | . . . Reinforcement 2 | . 2 . Assault . | . . . Garrison . | . . . Intercept . | . . . Searches Triggered . | . . . Construction Impeded . | . . . Haulers Reinforced . | . . . Active Scanning Responses . | . . . Cargo Convoy Interrupts . | . . . Stealth | -11 -10 -10 --------- Run | Yrd Mat Min Distress Signals . | . . . Communications Jammed . | . . . Distress Signals . | . . . Times Spotted 14 | . 4 10 Peak Tracking Total 3 | . 1 3 Tactical Retreats 2 | . . 2 Traps | -11 -10 -10 ------- Run | Yrd Mat Min Traps Triggered 1 | . 1 . Indirectly . | . . . Trap Hack Attempts . | . . . Triggered . | . . . Disarmed . | . . . Reprogrammed . | . . . Reused . | . . . Traps Extracted . | . . . Installed . | . . . Triggered . | . . . Machines | -11 -10 -10 ---------- Run | Yrd Mat Min Machines Disabled . | . . . Max in Single Turn . | . . . Machines Repaired . | . . . Machines Dismantled . | . . . Machines Sabotaged . | . . . Overloaded Fab Kills . | . . . Hacking | -11 -10 -10 --------- Run | Yrd Mat Min Machines Accessed 3 | . 3 . Terminals 3 | . 3 . Fabricators . | . . . Repair Stations . | . . . Recycling Units . | . . . Scanalyzers . | . . . Garrison Access . | . . . Total Hacks 5 | . 5 . Successful 1 | . 1 . Failed 4 | . 4 . Catastrophic . | . . . Database Lockouts . | . . . Manual . | . . . Terminals 5 | . 5 . Fabricators . | . . . Repair Stations . | . . . Recycling Units . | . . . Scanalyzers . | . . . Garrison Access . | . . . Terminal Hacks 1 | . 1 . Hauler Manifests 1 | . 1 . Fabricator Hacks . | . . . Repair Station Hacks . | . . . Recycling Unit Hacks . | . . . Scanalyzer . | . . . Garrison Access Hacks . | . . . Unauthorized Hacks . | . . . Terminals . | . . . Fabricators . | . . . Repair Stations . | . . . Recycling Units . | . . . Scanalyzers . | . . . Garrison Access . | . . . Data Cores Recovered . | . . . Used . | . . . Hacking Detections 2 | . 2 . Full Trace Events . | . . . Feedback Events . | . . . Feedback Blocked . | . . . Robot Schematics Acquired . | . . . Robots Built . | . . . Authchips . | . . . Time . | . . . Total Robot Build Rating . | . . . Part Schematics Acquired . | . . . Parts Built . | . . . Authchips . | . . . Time . | . . . Total Part Build Rating . | . . . Parts Repaired . | . . . Time . | . . . Parts Recycled . | . . . Recycled Matter . | . . . Retrieved Matter . | . . . Retrieved Components . | . . . Parts Scanalyzed . | . . . Part Schematics Acquired . | . . . Parts Damaged . | . . . Bothacking | -11 -10 -10 ------------ Run | Yrd Mat Min Used RIF Installer . | . . . Robots Hacked . | . . . Non-combat . | . . . Combat . | . . . Robot Hacks Applied . | . . . Relay Couplers Released . | . . . Fabnet Peak Effective % . | . . . Robots Rewired . | . . . Allies Hacked . | . . . Hacks Repelled . | . . . Allies | -11 -10 -10 -------- Run | Yrd Mat Min Total Allies . | . . . Largest Group . | . . . Highest-Rated Group . | . . . Highest-Rated Ally . | . . . Total Orders . | . . . Ally Attacks . | . . . Total Damage . | . . . Kills . | . . . Allies Corrupted . | . . . Allies Melted . | . . . Intel | -11 -10 -10 ------- Run | Yrd Mat Min Robot Analysis Total . | . . . Derelict Logs Recovered . | . . . Drone Launches . | . . . Drone Recoveries . | . . . Exploration | -11 -10 -10 ------------- Run | Yrd Mat Min Turns Passed 642 | 41 246 355 Spaces Moved 489 | 31 177 281 Core 2 | 2 . . Treads . | . . . Legs . | . . . Wheels 487 | 29 177 281 Hover . | . . . Flight . | . . . Fastest Speed 50 | 50 100 90 Average Speed 99 | 96 100 98 Slowest Speed 100 | 100 100 100 Overloaded Moves . | . . . Propulsion Burnouts . | . . . Robots Hopped . | . . . Cave-ins Triggered . | . . . Exploration Rate (%) 32 | 4 29 63 Regions Visited 2 Branch Regions 1 Pre-discovered Areas . | . . . Known Exits Taken . | . . . Unknown Exits Taken 2 | 1 1 . Scrap Searched 1 | . . 1 Spaces Dug . | . . . Terrain Destroyed 4 | . . 4 Melee . | . . . Projectile . | . . . AOE 4 | . . 4 Terrain Rammed . | . . . Walls Destroyed . | . . . Machines Disabled . | . . . Actions | -11 -10 -10 --------- Run | Yrd Mat Min Total 589 | 39 230 320 Wait 43 | . 40 3 Move 487 | 30 176 281 Hop . | . . . Pick Up 6 | 3 2 1 Fast Attach 6 | 5 1 . Attach 5 | 1 . 4 Detach . | . . . Swap 6 | . 3 3 Drop 1 | . 1 . Fire 16 | . 7 9 Melee 19 | . . 19 Ram . | . . . Kick . | . . . Crush . | . . . Escape Stasis . | . . . Rewire . | . . . Trap . | . . . Miscellaneous . | . . . Route ------- -11/Scrapyard -10/Materials -10/Mines (discovered 1 exit: [*Mat]) History --------- Turn | Location | Event 19 | -11/Scrapyard | Discovered new exit (range 16) 42 | -11/Scrapyard | Entered Materials 219 | -10/Materials | Discovered new exit (range 15) 288 | -10/Materials | Entered Mines 317 | -10/Mines | Build established: Mutant 347 | -10/Mines | Discovered new exit (range 8) 364 | -10/Mines | A weapon hastily lodged in a ceiling crevice suddenly fell to the ground 446 | -10/Mines | Assembled infested the area 451 | -10/Mines | Assisted by a Guerilla fighting off Assembled 566 | -10/Mines | Core integrity fell below 50% 616 | -10/Mines | Lost 3 parts (1p1n1w) 624 | -10/Mines | Core integrity fell below 20% 643 | -10/Mines | Destroyed by D-53 Grenadier with Mini Grenade Launcher Last Messages --------------- 00561_ Found 56 Matter. 00574_ T-07 Excavator is excavating. 00574_ Destroyed Flight Unit. 00574_ Lgt. Ion Engine destroyed. 00578_ T-07 Excavator is excavating. 00585_ Com. Wheel destroyed. 00586_ T-07 Excavator is excavating. 00592_ Destroyed Flight Unit. 00594_ S-10 Pest destroyed. 00594_ T-07 Excavator is excavating. 00595_ K-01 Serf collects debris. 00598_ T-07 Excavator is excavating. 00600_ K-01 Serf collects debris. 00616_ Acquired 2 matter. 00617_ Acquired 14 matter. 00621_ Sneak attack on K-01 Serf. 00621_ K-01 Serf destroyed. 00622_ Extracted 14 matter. 00628_ EM Pulse Gun destroyed. 00628_ Laser Drill disabled. Map ----- +----------------------------------------------------+ | ##???????????????????????????????? | | ##?????????????????????? #???????? | | ##?????????????????????? #???????? | | %###???????????????????? #???????? | | ##??????????????????? #???????? | | #??????????????????? #???????? | | ############??????## #???????? | | #??????# ????????? | | #??????# #????????? | | ##????# ####???# #????????? | | ###### ##??# #????????? | | # # # #?## ###??????? | | ! = ### ##?????? | | # %* ## ##????? | | # ### ###??? | | #!#?# ## ## "" ##?? | | #%#### ####?# ####d #?? | | #| #????########?## #?? | | # ######???????????### ## ##?? | | # #???????????????## ##?????? | | #??????????????## ##?????? | | ###??????????????# ##????? | | ?????????????????# ##???? | | ?????????????????## #???? | | ??????????????????##### #???? | | ??????????????????????## @ ##???? | | ???????????????????????## #????? | | ????????????????????????# ##????? | | ???????????????????????? #?????? | | ???????????????????????? #?????? | | ???????????????????????? ##?????? | | ???????????????????????? #??????? | | ??????????????????????? ##??????? | | ??????????????????????? ##???????? | | ??????????????????????? #?????????? | | ???????????????????????##??????????? | | ???????????????????????????????????? | | ???????????????????????????????????? | | ???????????????????????????????????? | | | | | | | | | | | | | | | | | | | | | | | +----------------------------------------------------+ Best States ------------- Heat Dissipation 25 Energy Generation 10 Energy Capacity 250 Matter Stores 300 Matter Capacity 300 Sight Range 16 Terrain Scan Density 10 Additional Mass Support 6 Evasion (%) 42 Item Schematics ----------------- None Robot Schematics ------------------ None Fabricated ------------ Nothing Alien Tech Used ----------------- None Achievements -------------- None Challenges ------------ None Game ------ Seed FusionCouplerClaw Manual? 0 Play Time 00:11:28 Cumulative 168.2 hours Start 2024.08.11 @ 17:16:55 End 2024.08.13 @ 21:25:47 Sessions 3 Manual Loads 0 Difficulty Rogue Special Mode None Game No. 229 Rogue 229 Adventurer 0 Explorer 0 Win Type - Total 1 Types 1/0/0/0/0/0/0/0/0 Lore% 22 Gallery% 51 Achievement% 41 Wizard Run 0 Options --------- Layout 1 ASCII 0 Keyboard 1 Movement Numpad Keybinds 0 Fullscreen 1 Font 16/SmallcapsGlow Map View 55x38 Zoom Use 0% Tactical HUD 1 Map Filters NONE Filters NONE Steam 1 RUN: bad8db5a-4328-48ed-b1a0-889dff722882